 Dungeon Crawl Stone Soup version 0.24.0-125-gc4c63601f3 (webtiles) character file.

Game seed: 8928271640740325917, levelgen mode: deterministic

329933 Amplified the Impregnable (level 20, -5/189 HPs)
             Began as a Minotaur Earth Elementalist on Feb 18, 2020.
             Was a High Priest of the Shining One.
             Slain by a stone giant (44 damage)
             ... on level 4 of the Vaults on Feb 19, 2020.
             The game lasted 01:35:15 (53391 turns).

Amplified the Impregnable (MiEE)                   Turns: 53391, Time: 01:35:16

Health: -5/189     AC: 31    Str: 24    XL:     20   Next: 84%
Magic:  14/28      EV: 17    Int: 12    God:    the Shining One [*****.]
Gold:   1177       SH: 24    Dex: 15    Spells: 18/21 levels left

rFire    + . .     SeeInvis .   n - +8 eveningstar (holy)
rCold    + . .     Gourm    .   M - +0 large shield
rNeg     + + .     Faith    .   H - +3 chain mail {rF+}
rPois    +         Spirit   .   (helmet restricted)
rElec    +         Reflect  .   p - +2 cloak "Mafup" {rElec rPois}
rCorr    .         Harm     .   C - +2 pair of gloves
MR       +....                  S - +2 pair of boots
Stlth    ..........             j - amulet of rage
HPRegen  0.41/turn              f - ring "Koutoc" {+Inv rPois Str+3 Dex+3 Stlth-}
MPRegen  0.21/turn              h - ring of protection from cold

@: flayed, glowing
A: retaliatory headbutt, horns 2
}: 2/15 runes: decaying, serpentine
a: Divine Shield, Cleansing Flame, Summon Divine Warrior, Renounce Religion,
Evoke Berserk Rage, Evoke Invisibility


You were on level 4 of the Vaults.
You worshipped the Shining One.
The Shining One was extremely pleased with you.
You were hungry.

You visited 7 branches of the dungeon, and saw 37 of its levels.
You also visited: Sewer, Gauntlet, Volcano and Wizlab.

You collected 4255 gold pieces.
You spent 3078 gold pieces at shops.

Inventory:

Hand Weapons
 n - a +8 eveningstar of holy wrath (weapon)
 F - a +3 broad axe of electrocution
Missiles
 l - 243 stones
 r - 148 poisoned darts (quivered)
 J - a throwing net
 U - 4 curare-tipped darts
Armour
 e - a scarf of repulsion
 p - the +2 cloak "Mafup" (worn) {rElec rPois}
   (You found it in a wizard's laboratory)

   It insulates you from electricity.
   It protects you from poison.
 u - a +2 scale mail of cold resistance
 C - a +2 pair of gloves (worn)
 H - a +3 chain mail of fire resistance (worn)
 M - a +0 large shield (worn)
 R - a +0 cloak of magic resistance
 S - a +2 pair of boots (worn)
Jewellery
 a - an uncursed ring of flight
 f - the ring "Koutoc" (left hand) {+Inv rPois Str+3 Dex+3 Stlth-}
   (You found it in a Gauntlet)

   [ring of poison resistance]

   It affects your strength (+3).
   It affects your dexterity (+3).
   It protects you from poison.
   It lets you turn invisible.
   It makes you less stealthy.
 h - a ring of protection from cold (right hand)
 j - an amulet of rage (around neck)
 k - an uncursed ring of ice
 A - an uncursed ring of positive energy
 Z - a +3 ring of slaying {unknown}
Wands
 b - a wand of acid (10)
 v - a wand of paralysis (7)
 z - a wand of disintegration (26)
 D - a wand of flame (34)
 I - a wand of enslavement (15)
 K - a wand of polymorph (28)
 N - a wand of digging (4)
 W - a wand of iceblast (8)
Scrolls
 c - 3 scrolls of vulnerability
 g - a scroll of silence
 i - 7 scrolls of immolation
 m - 10 scrolls of identify
 o - 2 scrolls of enchant armour
 q - a scroll of fog
 x - a scroll of summoning
 y - 6 scrolls of amnesia
 E - 9 scrolls of remove curse
 P - 14 scrolls of teleportation
 Q - 3 scrolls of holy word
 V - 3 scrolls of fear
Potions
 s - 3 potions of curing
 t - 5 potions of brilliance
 w - 4 potions of mutation
 B - 10 potions of lignification
 G - 4 potions of flight
 L - 2 potions of magic
 O - 2 potions of heal wounds
 T - a potion of berserk rage
 X - a potion of ambrosia
 Y - a potion of resistance
Comestibles
 d - 44 rations


   Skills:
 - Level 18.9 Fighting
 - Level 13.0(15.4) Axes
 - Level 14.1(16.0) Maces & Flails
 - Level 22.7 Armour
 - Level 13.6 Dodging
 - Level 1.5 Stealth
 * Level 21.3 Shields
 - Level 1.3 Spellcasting
 - Level 0.7 Transmutations
 - Level 2.4 Earth Magic
 - Level 12.2 Invocations


You had 18 spell levels left.
You knew the following spells:

 Your Spells              Type           Power        Failure   Level  Hunger
a - Apportation           Tloc           #.....       80%         1    ##.....
b - Passwall              Tmut/Erth      #.......     73%         2    ###....

Your spell library contained the following spells:

 Spells                   Type           Power        Failure   Level  Hunger
 Sandblast                Erth           #.....       45%         1    ##.....
 Beastly Appendage        Tmut           #.....       71%         1    ##.....
 Animate Skeleton         Necr           N/A          80%         1    ##.....
 Confusing Touch          Hex            #.....       80%         1    ##.....
 Flame Tongue             Conj/Fire      #....        80%         1    ##.....
 Magic Dart               Conj           #...         80%         1    ##.....
 Sting                    Conj/Pois      #...         80%         1    ##.....
 Summon Butterflies       Summ           #.......     80%         1    ##.....
 Summon Small Mammal      Summ           #...         80%         1    ##.....
 Sticks to Snakes         Tmut           #.......     83%         2    ###....
 Blink                    Tloc           N/A          90%         2    ###....
 Call Imp                 Summ           #.......     90%         2    ###....
 Corpse Rot               Necr           N/A          90%         2    ###....
 Ensorcelled Hibernation  Hex/Ice        #.....       90%         2    ###....
 Poisonous Vapours        Pois/Air       #.....       90%         2    ###....
 Shroud of Golubria       Chrm/Tloc      #.....       90%         2    ###....
 Slow                     Hex            #.......     90%         2    ###....
 Throw Flame              Conj/Fire      #.....       90%         2    ###....
 Stone Arrow              Conj/Erth      #.....       94%         3    ####...
 Ignite Poison            Fire/Tmut/Pois #.......     98%         3    ####...
 Spider Form              Tmut/Pois      #.........   98%         3    ####...
 Call Canine Familiar     Summ           #.......     99%         3    ####...
 Conjure Flame            Conj/Fire      #.......     99%         3    ####...
 Gell's Gravitas          Tloc           #.........   99%         3    ####...
 Inner Flame              Hex/Fire       #.......     99%         3    ####...
 Mephitic Cloud           Conj/Pois/Air  #.......     99%         3    ####...
 Portal Projectile        Hex/Tloc       #.....       99%         3    ####...
 Recall                   Summ/Tloc      N/A          99%         3    ####...
 Summon Guardian Golem    Hex/Summ       #.......     99%         3    ####...
 Teleport Other           Tloc           #.......     99%         3    ####...
 Force Lance              Conj/Tloc      #.......     100%        4    #####..
 Ice Form                 Ice/Tmut       #.......     100%        4    #####..
 Leda's Liquefaction      Hex/Erth       #.........   100%        4    #####..
 Olgreb's Toxic Radiance  Pois           #.......     100%        4    #####..
 Passage of Golubria      Tloc           N/A          100%        4    #####..
 Petrify                  Tmut/Erth      #.......     100%        4    #####..
 Sticky Flame             Conj/Fire      #.......     100%        4    #####..
 Summon Ice Beast         Ice/Summ       #.......     100%        4    #####..
 Summon Lightning Spire   Summ/Air       #.......     100%        4    #####..
 Throw Icicle             Conj/Ice       #.......     100%        4    #####..
 Blade Hands              Tmut           #.........   100%        5    ######.
 Bolt of Draining         Conj/Necr      #.........   100%        5    ######.
 Bolt of Magma            Conj/Fire/Erth #.........   100%        5    ######.
 Borgnjor's Vile Clutch   Necr/Erth      #.........   100%        5    ######.
 Fireball                 Conj/Fire      #.........   100%        5    ######.
 Irradiate                Conj/Tmut      #.........   100%        5    ######.
 Iskenderun's Battlesphe  Conj/Chrm      #.......     100%        5    ######.
 Lee's Rapid Deconstruct  Erth           #.........   100%        5    ######.
 Lightning Bolt           Conj/Air       #.........   100%        5    ######.
 Silence                  Hex/Air        #.........   100%        5    ######.
 Summon Forest            Summ/Tloc      #.........   100%        5    ######.
 Summon Mana Viper        Hex/Summ       #.......     100%        5    ######.
 Venom Bolt               Conj/Pois      #.........   100%        5    ######.
 Bolt of Fire             Conj/Fire      #.........   100%        6    #######
 Darkness                 Hex            #.........   100%        6    #######
 Deflect Missiles         Chrm/Air       #.........   100%        6    #######
 Dispersal                Tloc           #.........   100%        6    #######
 Hydra Form               Tmut           #.........   100%        6    #######
 Iron Shot                Conj/Erth      #.........   100%        6    #######
 Poison Arrow             Conj/Pois      #.........   100%        6    #######
 Shadow Creatures         Summ           N/A          100%        6    #######
 Orb of Destruction       Conj           #.........   100%        7    #######
 Ring of Flames           Chrm/Fire      #.........   100%        7    #######
 Spellforged Servitor     Conj/Summ      #.........   100%        7    #######
 Summon Hydra             Summ           #.........   100%        7    #######
 Chain Lightning          Conj/Air       #.........   100%        8    #######
 Controlled Blink         Tloc           N/A          100%        8    #######
 Disjunction              Tloc           #.........   100%        8    #######
 Ignition                 Fire           #.........   100%        8    #######
 Lehudib's Crystal Spear  Conj/Erth      #.........   100%        8    #######
 Fire Storm               Conj/Fire      #.........   100%        9    #######
 Glaciate                 Conj/Ice       #.........   100%        9    #######


Dungeon Overview and Level Annotations

Branches:
Dungeon (15/15)            Temple (0/1) D:6            Lair (6/6) D:11
  Swamp (4/4) Lair:2        Snake (4/4) Lair:3        Slime (0/5) Lair:6
    Orc (2/2) D:10            Elf (2/3) Orc:2        Vaults (4/5) D:13
  Crypt (0/3) Vaults:3     Depths (0/5) D:15          Sewer (visited)
Volcano (visited)          WizLab (visited)         Gauntlet (visited)

Altars:
Fedhas
Qazlal
Ru
Trog
Uskayaw
Xom
Yredelemnul
Zin
The Shining One
Beogh
Jiyva

Shops:
D:4 (!   D:8 *   D:11 *   Orc:2 *((=[   Vaults:4 [

Annotations:
D:3 1 runed translucent door
D:15 Winning one. If rMut holds, long game.
Lair:6 1 runed translucent door
Swamp:2 Go snake, elf, back
Swamp:4 Snake, Vault, Beeline Crypt
Elf:1 6 runed translucent doors


Innate Abilities, Weirdness & Mutations

You reflexively headbutt those who attack you in melee.
You have a pair of horns on your head.


Message History

The ironheart preserver is almost dead.
You block the ironheart preserver's attack.
The flayed ghost cries, "Suffer as I suffered!"
Terrible wounds spread across more of your body!
* * * LOW HITPOINT WARNING * * *
You block the stone giant's attack.
You bludgeon the ironheart preserver!!
You kill the ironheart preserver!
The flayed ghost stares at you with tortured malice.
Terrible wounds spread across more of your body!
* * * LOW HITPOINT WARNING * * *
Unknown command.
You puncture the skeletal warrior!
You destroy the skeletal warrior!
The Shining One accepts your kill.
You feel better.
You feel your power returning. The stone giant barely misses you.
Unknown command.
You fail to use your ability.
The stone giant hits you!!!
You die...

#......#...()).#...#
########...#...#.).#
###########...#...#...#
...#...#...#########'##
...#...#...# #..#
...#)..#...## #..#
...#..[#'####. #..#
...'.......##.W#####..#
...#.......##.pp@(....#
...#.......##.)C'.....#
...####'#####..#####..#
...........##.. #..#
...........### #..#
.........).# #..#
#######''#(## ####
#..))(.########
#......#......#


You could see a stone giant, a vault warden, a death knight and a flayed ghost.

Vanquished Creatures
  Mara (Swamp:3)
  Margery (Vaults:4)
  the Lernaean hydra (Swamp:4)
  Nikola (Snake:1)
  A lich (Vaults:3)
  Jorgrun (Swamp:3)
  A tentacled starspawn (WizLab)
  An eldritch tentacle (WizLab)
  2 sphinxes (Vaults:4)
  Agnes (Snake:1)
  3 thorn hunters (Swamp:4)
  A tengu reaver (Vaults:3)
  12 nagarajas
  A deep elf sorcerer (Vaults:4)
  A fire giant (Vaults:4)
  2 orc warlords
  Aizul (Snake:1)
  9 ironheart preservers
  A draconian shifter (WizLab)
  2 entropy weavers (Vaults:3)
  5 stone giants
  3 deep elf demonologists
  2 deep elf annihilators
  A purple draconian (WizLab)
  A minotaur (Gauntlet)
  Snorg (D:11)
  2 ettins (Vaults:4)
  A deep elf high priest (Elf:1)
  2 fire dragons
  A deep elf death mage (Vaults:4)
  Josephine (D:10)
  Erolcha (D:9)
  The ghost of OwlCat the Cleaver, a journeyman MiFi of Okawaru (Lair:2)
  A vault guard (D:13)
  3 rakshasas
  26 naga warriors
  2 great orbs of eyes (Vaults:4)
  21 hydras
  A yaktaur captain (Vaults:4)
  Harold (D:7)
  The ghost of Rida the Poker, a journeyman CeWr of the Shining One (D:10)
  2 shambling mangroves
  10 ogre magi
  2 ice dragons (Vaults:4)
  3 ghost crabs
  2 catoblepae
  10 centaur warriors
  Erica (Lair:2)
  23 two-headed ogres
  3 anacondas
  13 alligators
  A deep troll shaman (Vaults:2)
  8 dancing weapons
  4 thrashing horrors (WizLab)
  6 shock serpents
  15 naga sharpshooters
  6 hell knights
  A tengu warrior (D:15)
  2 orc high priests
  9 deep elf knights
  A storm dragon zombie (Vaults:4)
  3 salamander mystics
  3 skeletal warriors
  A shadow wraith (Vaults:4)
  A fire crab (shapeshifter) (Vaults:4)
  7 naga ritualists
  4 unseen horrors
  A storm dragon skeleton (D:15)
  5 deep trolls
  8 wizards
  A glowing orange brain (Vaults:3)
  A flayed ghost (Vaults:3)
  A death drake (Gauntlet)
  A spriggan druid (Swamp:4)
  A phantasmal warrior (D:15)
  An orange crystal statue (Vaults:3)
  A spectral wolf spider (Gauntlet)
  Pikel (D:7)
  6 deep elf archers (Elf:1)
  8 swamp dragons
  11 ironbrand convokers
  2 wolf spider zombies
  An obsidian statue (WizLab)
  25 deep elf magi
  A lindwurm (Lair:1)
  A sphinx zombie (Vaults:3)
  4 harpies
  4 necromancers
  8 orc knights
  2 oklob plants
  5 orc sorcerers
  10 mana vipers
  4 manticores
  2 wolf spiders
  A worldbinder (WizLab)
  A shadow dragon skeleton (Vaults:4)
  A spectral centaur (Gauntlet)
  25 ugly things
  3 cyclopes
  12 salamanders
  7 guardian serpents
  9 vault sentinels
  2 stone giant skeletons (Vaults:3)
  26 black mambas
  18 naga magi
  Maurice (D:12)
  18 spiny frogs
  7 elephants
  2 centaur zombies
  2 gargoyles
  An ice statue (D:13)
  A smoke demon (Gauntlet)
  3 minotaur zombies (Gauntlet)
  An orange demon (WizLab)
  2 centaur skeletons
  8 yaktaurs (Vaults:2)
  4 komodo dragons
  6 ice devils (D:13)
  A rime drake (Lair:4)
  4 efreet
  A human skeleton (Vaults:3)
  2 freezing wraiths
  3 ancient zymes (WizLab)
  A yaktaur skeleton (D:15)
  A red devil (Gauntlet)
  2 tengu conjurers
  A jumping spider (Vaults:3)
  3 meliai (D:13)
  A wind drake (WizLab)
  6 trolls
  12 tyrant leeches
  A raiju (shapeshifter) (Vaults:4)
  A queen bee (D:13)
  26 slime creatures
  10 polar bears (Lair:6)
  14 hornets
  4 raiju
  6 dream sheep (Lair:2)
  An ettin zombie (D:15)
  7 hippogriffs
  A meliai zombie (Gauntlet)
  16 bog bodies
  18 blink frogs
  2 shadows
  22 yaks
  A ynoxinul (WizLab)
  4 air elementals
  The ghost of eodem the Skirmisher, an amateur HOFi (D:3)
  8 spriggans
  6 wraiths
  2 deep troll skeletons
  A tarantella (shapeshifter) (Vaults:3)
  2 wyverns
  3 hogs (D:8)
  A small abomination (WizLab)
  A human (shapeshifter) (Vaults:4)
  Eustachio (D:6)
  21 humans
  3 basilisks
  3 fire elementals
  2 steam dragons
  3 spatial vortices (WizLab)
  A hog (shapeshifter) (Vaults:3)
  2 hungry ghosts
  40 vampire mosquitoes
  Menkaure (D:6)
  13 swamp worms
  9 wargs
  63 nagas
  20 insubstantial wisps
  6 water moccasins
  2 soldier ants
  6 porcupines
  14 hell hounds (Lair:6)
  13 swamp drakes
  48 orc warriors
  2 human zombies
  2 phantoms
  14 black bears
  33 wolves
  A necrophage (D:8)
  31 ogres
  4 sky beasts
  5 boggarts (Vaults:2)
  17 centaurs
  10 crocodiles
  An elf simulacrum (Vaults:1)
  A big kobold (D:9)
  15 bullfrogs
  2 wyvern skeletons
  A scorpion (D:7)
  30 killer bees
  3 electric eels
  A lava snake (Lair:2)
  A bullfrog zombie (D:9)
  13 crimson imps
  7 hounds
  A quasit (D:7)
  2 bullfrog skeletons
  26 orc priests
  A gnoll shaman (D:9)
  An iron imp (WizLab)
  2 jellies
  45 orc wizards
  3 iguanas
  Terence (D:2)
  A merfolk siren (Sewer)
  9 worker ants
  A merfolk avatar (Sewer)
  A killer bee zombie (D:7)
  2 hound skeletons
  10 gnolls
  A howler monkey skeleton (D:3)
  15 adders
  2 river rats (Sewer)
  5 shadow imps
  6 ufetubi (D:13)
  3 oozes (D:1)
  2 adder zombies
  An adder skeleton (D:4)
  2 worms
  2 dart slugs (D:1)
  12 leopard geckos
  101 orcs
  9 ball pythons
  4 bats
  14 giant cockroaches
  14 goblins
  6 hobgoblins
  18 jackals
  6 quokkas
  11 frilled lizards
  8 kobolds
  A quokka skeleton (D:8)
  A quokka zombie (D:3)
  27 rats
  9 briar patches (Swamp:4)
  2 fungi
  3 plants
  2 starspawn tentacles (WizLab)
1595 creatures vanquished.

Vanquished Creatures (collateral kills)
  An anaconda (Snake:1)
  A salamander (Snake:1)
  A naga mage (Snake:1)
  2 nagas (Snake:1)
5 creatures vanquished.

Vanquished Creatures (others)
  A deep elf knight (Elf:2)
  A naga mage (Snake:1)
  A black mamba (Snake:2)
  A guardian serpent (Snake:4)
  A slave (D:7)
  An ogre (Vaults:3)
  A bush (Swamp:4)
  10 fungi
  19 plants
  2 starspawn tentacles (WizLab)
38 creatures vanquished.

Grand Total: 1638 creatures vanquished

Notes
Turn   | Place    | Note
-------+----------+-------------------------------------------
     0 | D:1      | Amplified the Minotaur Earth Elementalist began the quest
                  | for the Orb.
     0 | D:1      | Reached XP level 1. HP: 14/14 MP: 1/1
     1 | D:1      | Found a runed translucent door.
   227 | D:1      | Reached skill level 1 in Fighting
   443 | D:1      | Reached XP level 2. HP: 24/24 MP: 3/3
   824 | D:1      | Reached XP level 3. HP: 30/31 MP: 4/4
  1285 | D:2      | Found a basalt altar of Yredelemnul.
  1322 | D:2      | Found a glowing golden altar of the Shining One.
  1328 | D:2      | Became a worshipper of the Shining One
  1425 | D:2      | Noticed Terence
  1449 | D:2      | Reached skill level 1 in Maces & Flails
  1767 | D:1      | Reached skill level 1 in Invocations
  1767 | D:1      | Reached XP level 4. HP: 27/40 MP: 5/5
  2242 | D:3      | Learned a level 2 spell: Passwall
  2587 | D:3      | Found a runed translucent door.
  2606 | D:3      | Noticed eodem's ghost (amateur HOFi)
  2801 | D:3      | Reached XP level 5. HP: 40/46 MP: 4/6
  3115 | D:3      | Found a runed translucent door.
  3164 | D:4      | Noticed a phantom
  3164 | D:4      | Reached * piety under the Shining One
  3185 | D:4      | Killed a phantom
  3372 | D:4      | Found Iterune's Distillery.
  3380 | D:4      | Bought a potion of heal wounds for 50 gold pieces
  3380 | D:4      | Bought a potion of heal wounds for 50 gold pieces
  3403 | D:4      | Found Egacus's Antique Weapon Emporium.
  3477 | D:4      | Noticed an ogre
  3482 | D:4      | Reached XP level 6. HP: 55/55 MP: 7/7
  3486 | D:4      | Reached skill level 5 in Fighting
  3847 | D:4      | Found a bloodstained altar of Trog.
  4163 | D:5      | Entered Level 5 of the Dungeon
  4238 | D:5      | Found a glowing silver altar of Zin.
  4293 | D:5      | Reached XP level 7. HP: 59/62 MP: 8/8
  4524 | D:5      | Found a glowing drain.
  4616 | Sewer    | Entered a sewer
  4707 | Sewer    | Reached skill level 1 in Axes
  4770 | Sewer    | Reached ** piety under the Shining One
  5480 | D:2      | Killed Terence
  5937 | D:6      | Noticed Eustachio
  5952 | D:6      | Killed Eustachio
  6092 | D:6      | Reached XP level 8. HP: 66/71 MP: 10/10
  6137 | D:6      | Reached skill level 5 in Invocations
  6409 | D:6      | Noticed Menkaure
  6418 | D:6      | Killed Menkaure
  6461 | D:6      | Found a staircase to the Ecumenical Temple.
  6996 | D:6      | Reached skill level 5 in Axes
  7174 | D:7      | Reached *** piety under the Shining One
  7200 | D:7      | Reached XP level 9. HP: 30/82 MP: 12/12
  7241 | D:7      | Noticed Harold
  7923 | D:8      | Found Ufuahol's Demolitions Depot.
  8145 | D:8      | Found a shimmering altar of Xom.
  8338 | D:9      | Reached skill level 10 in Fighting
  8394 | D:9      | Noticed a two-headed ogre
  8402 | D:9      | Killed a two-headed ogre
  8402 | D:9      | Reached XP level 10. HP: 94/94 MP: 12/15
  8506 | D:9      | Noticed Erolcha
  8514 | D:9      | Killed Erolcha
  8644 | D:9      | Found a stormy altar of Qazlal.
  9201 | D:10     | Entered Level 10 of the Dungeon
  9207 | D:10     | Reached skill level 1 in Armour
  9213 | D:10     | Reached skill level 2 in Armour
  9558 | D:10     | Found a blossoming altar of Fedhas.
  9669 | D:10     | Reached skill level 10 in Axes
  9675 | D:10     | Reached skill level 3 in Armour
  9981 | D:10     | Found a runed translucent gate.
  9981 | D:10     | Found a runed translucent gate.
  9982 | D:10     | Noticed Rida's ghost (journeyman CeWr)
  9989 | D:10     | Found a runed translucent gate.
 10059 | D:10     | Reached **** piety under the Shining One
 10060 | D:10     | Reached skill level 4 in Armour
 10088 | D:10     | Reached XP level 11. HP: 101/101 MP: 13/16
 10167 | D:10     | Found a staircase to the Orcish Mines.
 10404 | D:10     | Noticed a two-headed ogre
 10419 | D:10     | Killed a two-headed ogre
 10419 | D:10     | Reached skill level 5 in Dodging
 10476 | D:10     | Noticed Josephine
 10478 | D:10     | Reached skill level 5 in Armour
 10486 | D:10     | Killed Josephine
 10919 | D:7      | Killed Harold
 10973 | D:7      | Noticed Pikel
 10998 | D:7      | Killed Pikel
 10998 | D:7      | Reached skill level 6 in Armour
 11078 | D:7      | Identified a scroll of acquirement
 11093 | D:7      | Found a roughly hewn altar of Beogh.
 11482 | D:3      | Killed eodem's ghost
 11692 | D:11     | Found Deirph's General Store.
 11701 | D:11     | Noticed a five-headed hydra
 11706 | D:11     | Bought a potion of heal wounds for 70 gold pieces
 11758 | D:11     | Found a staircase to the Lair.
 11863 | D:11     | Noticed a green ugly thing
 11863 | D:11     | Noticed a centaur warrior
 12176 | D:11     | Noticed Snorg
 12177 | D:11     | Noticed a purple ugly thing
 12205 | D:11     | Killed Snorg
 12209 | D:11     | Killed a purple ugly thing
 12542 | D:11     | Killed a green ugly thing
 12551 | D:11     | Identified the Guide on Boosting Attacks
 12878 | D:12     | Noticed a purple ugly thing
 12885 | D:12     | Killed a purple ugly thing
 12885 | D:12     | Reached skill level 7 in Armour
 12947 | D:12     | Reached skill level 5 in Maces & Flails
 13115 | D:12     | Noticed a red ugly thing
 13558 | Orc:1    | Entered Level 1 of the Orcish Mines
 13565 | Orc:1    | Noticed an orc warlord
 13999 | D:13     | Noticed a two-headed ogre
 14020 | D:13     | Killed a two-headed ogre
 14020 | D:13     | Reached XP level 12. HP: 108/108 MP: 15/17
 14175 | D:13     | Noticed a centaur warrior
 14177 | D:13     | Noticed a catoblepas
 14188 | D:13     | Killed a centaur warrior
 14192 | D:13     | Killed a catoblepas
 14524 | D:13     | Noticed a two-headed ogre
 14533 | D:13     | Killed a two-headed ogre
 14533 | D:13     | Reached skill level 8 in Armour
 15048 | D:13     | Noticed a centaur warrior
 15055 | D:13     | Noticed a centaur warrior
 15058 | D:13     | Killed a centaur warrior
 15067 | D:13     | Killed a centaur warrior
 15336 | D:13     | Reached ***** piety under the Shining One
 15371 | D:13     | Reached skill level 9 in Armour
 15493 | D:13     | Got a dazzling plate armour
 15759 | D:13     | Reached skill level 10 in Maces & Flails
 16031 | D:12     | Identified the cursed +0 plate armour of Lasypit {rElec
                  | rC+} (You found it on level 13 of the Dungeon)
 16170 | D:12     | Noticed a deep elf annihilator
 16177 | D:12     | Killed a deep elf annihilator
 16177 | D:12     | Reached XP level 13. HP: 83/115 MP: 18/18
 16380 | D:12     | Noticed Maurice
 16390 | D:12     | Killed Maurice
 16667 | D:10     | Killed Rida's ghost
 16667 | D:10     | Reached skill level 10 in Armour
 16858 | Lair:1   | Entered Level 1 of the Lair of Beasts
 16959 | Lair:1   | Found a dark tunnel.
 17160 | Volcano  | Entered a volcano
 17766 | Lair:1   | Reached skill level 10 in Dodging
 18140 | Lair:1   | Found a sacrificial altar of Ru.
 18252 | Lair:2   | Noticed Erica
 18257 | Lair:2   | Killed Erica
 18530 | Lair:2   | Found a runed translucent gate.
 18531 | Lair:2   | Found a runed translucent gate.
 18532 | Lair:2   | Found a runed translucent gate.
 18532 | Lair:2   | Noticed OwlCat's ghost (journeyman MiFi)
 18878 | Lair:2   | Found a shimmering altar of Xom.
 18956 | Lair:2   | Found a staircase to the Swamp.
 19056 | Lair:2   | Reached skill level 11 in Armour
 19680 | Lair:2   | Killed OwlCat's ghost
 20601 | Lair:3   | Found a staircase to the Snake Pit.
 21607 | D:10     | Killed an orc warlord
 22079 | Orc:1    | Paralysed by an orc sorcerer for 4 turns
 22085 | Orc:1    | Reached XP level 14. HP: 102/122 MP: 19/19
 22636 | Orc:2    | Entered Level 2 of the Orcish Mines
 22765 | Orc:2    | Found Gepoac's Weapon Emporium.
 22816 | Orc:2    | Found a staircase to the Elven Halls.
 22832 | Orc:2    | Noticed an orc warlord
 24548 | Lair:5   | Reached skill level 12 in Armour
 24897 | Lair:6   | Entered Level 6 of the Lair of Beasts
 25390 | Lair:6   | Reached ****** piety under the Shining One
 25392 | Lair:6   | Identified a +4 eveningstar of holy wrath (a +2 eveningstar
                  | of draining blessed by the Shining One)
 25392 | Lair:6   | Received a gift from the Shining One
 26500 | Lair:6   | Found a hide-covered altar of Uskayaw.
 26601 | Lair:6   | Found a runed translucent door.
 26601 | Lair:6   | Found a viscous altar of Jiyva.
 26601 | Lair:6   | Found a staircase to the Slime Pits.
 26761 | Lair:6   | Reached skill level 13 in Armour
 27413 | Orc:2    | Killed an orc warlord
 28228 | Orc:2    | Found a roughly hewn altar of Beogh.
 28253 | Orc:2    | Reached XP level 15. HP: 90/134 MP: 20/20
 28417 | Orc:2    | Found Raus's Antique Weapon Boutique.
 28452 | Orc:2    | Found Decsejot's General Store.
 28468 | Orc:2    | Found Bel Xuas's Jewellery Boutique.
 28515 | Orc:2    | Found Diplen's Antique Armour Boutique.
 28521 | Orc:2    | Bought a faintly glowing chain mail for 256 gold pieces
 28521 | Orc:2    | Bought a pair of boots for 121 gold pieces
 28536 | Orc:2    | Identified the +1 chain mail of Death's Door {-Cast Regen+
                  | rCorr SInv} (You bought it in a shop on level 2 of the
                  | Orcish Mines)
 28559 | Orc:2    | Bought a translucent longbow for 304 gold pieces
 28559 | Orc:2    | Identified the +2 longbow "Fuelax" {freeze, rC- Str+3
                  | Stlth+} (You bought it in a shop on level 2 of the Orcish
                  | Mines)
 28596 | Orc:2    | Bought a potion of resistance for 110 gold pieces
 28596 | Orc:2    | Bought a scroll of brand weapon for 220 gold pieces
 29023 | D:13     | Reached skill level 5 in Shields
 29045 | D:13     | Found a gate to the Vaults.
 29712 | D:14     | Found a gate leading to a gauntlet.
 29809 | Gauntlet | Entered a Gauntlet
 29809 | Gauntlet | Found a transporter.
 29809 | Gauntlet | Found a transporter.
 29828 | Gauntlet | Found a transporter.
 29831 | Gauntlet | Found a transporter.
 29835 | Gauntlet | Found a runed translucent door.
 29837 | Gauntlet | Found a runed translucent door.
 29839 | Gauntlet | Found a transporter.
 29843 | Gauntlet | Found a transporter.
 29851 | Gauntlet | Found a transporter.
 29866 | Gauntlet | Found a transporter.
 29870 | Gauntlet | Found a runed translucent door.
 29884 | Gauntlet | Found a transporter.
 29885 | Gauntlet | Found a transporter.
 29887 | Gauntlet | Found a runed translucent gate.
 29887 | Gauntlet | Found a runed translucent gate.
 29887 | Gauntlet | Found a runed translucent gate.
 29893 | Gauntlet | Found a transporter.
 29897 | Gauntlet | Found a transporter.
 30083 | Gauntlet | HP: 10/202 [poison (dark miasma)]
 30088 | Gauntlet | HP: 7/202 [poison (dark miasma)]
 30091 | Gauntlet | HP: 3/135 [poison (dark miasma)]
 30097 | Gauntlet | HP: 3/202 [poison (dark miasma)]
 30251 | Gauntlet | Got a twitching jade ring
 30258 | Gauntlet | Identified the ring "Koutoc" {+Inv rPois Str+3 Dex+3
                  | Stlth-} (You found it in a Gauntlet)
 30556 | Gauntlet | Identified the Disquisition on Lucky Transformation
 31017 | D:15     | Entered Level 15 of the Dungeon
 31239 | D:15     | Found a staircase to the Depths.
 31690 | Swamp:1  | Entered Level 1 of the Swamp
 32023 | Swamp:1  | Reached skill level 15 in Fighting
 32064 | Swamp:1  | Reached skill level 10 in Shields
 33137 | Swamp:2  | Reached XP level 16. HP: 133/147 MP: 21/21
 34588 | Swamp:3  | Noticed Jorgrun
 34654 | Swamp:3  | Noticed Mara
 34657 | Swamp:3  | Noticed Amplified's illusion
 34705 | Swamp:4  | Entered Level 4 of the Swamp
 35257 | Snake:1  | Entered Level 1 of the Snake Pit
 35451 | Elf:1    | Entered Level 1 of the Elven Halls
 35859 | Elf:1    | Identified the +8 halberd "Abeuxzoiff" {drain, +Fly rPois
                  | MR++ Int-2}
 35892 | Elf:2    | Found a magical portal.
 35903 | WizLab   | Found a transporter.
 36208 | WizLab   | Found a corrupted altar of Lugonu.
 36248 | WizLab   | Noticed a tentacled starspawn
 36270 | WizLab   | Killed a tentacled starspawn
 36281 | WizLab   | Found a transporter.
 36281 | WizLab   | Found a transporter.
 36304 | WizLab   | Found a transporter.
 36314 | WizLab   | Found a transporter.
 36392 | WizLab   | Found a transporter.
 36399 | WizLab   | Found a corrupted altar of Lugonu.
 36447 | WizLab   | Found a transporter.
 36470 | WizLab   | Found a transporter.
 36661 | WizLab   | Found a transporter.
 36786 | WizLab   | Found a transporter.
 36786 | WizLab   | Found a transporter.
 36810 | WizLab   | Found a transporter.
 36854 | WizLab   | Found a transporter.
 36854 | WizLab   | Found a transporter.
 36893 | WizLab   | Identified Golubria's Handbook of Orientation
 36910 | WizLab   | Learned a level 1 spell: Apportation
 37270 | WizLab   | Found a transporter.
 37270 | WizLab   | Found a transporter.
 37324 | WizLab   | Found a transporter.
 37324 | WizLab   | Found a transporter.
 37359 | WizLab   | Found a transporter.
 37359 | WizLab   | Found a transporter.
 37454 | WizLab   | Got a bloodstained cloak
 37469 | WizLab   | Identified the +2 cloak "Mafup" {rElec rPois} (You found it
                  | in a wizard's laboratory)
 37615 | Elf:2    | Reached skill level 15 in Shields
 38007 | Elf:1    | Reached XP level 17. HP: 141/160 MP: 22/22
 38131 | Elf:1    | Identified the +5 quarterstaff of Cowardice {freeze, rElec
                  | Int+4 Stlth+}
 38180 | Elf:1    | Noticed a Tzitzimitl
 38333 | Elf:1    | Found a runed translucent gate.
 38333 | Elf:1    | Found a runed translucent gate.
 38333 | Elf:1    | Found a runed translucent gate.
 38333 | Elf:1    | Found a runed translucent gate.
 38333 | Elf:1    | Found a runed translucent gate.
 38335 | Elf:1    | Found a runed translucent gate.
 39403 | D:4      | Bought a potion of curing for 30 gold pieces
 39403 | D:4      | Bought a potion of brilliance for 40 gold pieces
 39403 | D:4      | Bought a potion of agility for 40 gold pieces
 39403 | D:4      | Bought a potion of heal wounds for 50 gold pieces
 39403 | D:4      | Bought a potion of resistance for 100 gold pieces
 39403 | D:4      | Bought a potion of ambrosia for 80 gold pieces
 39403 | D:4      | Bought a potion of curing for 30 gold pieces
 39403 | D:4      | Bought a potion of brilliance for 40 gold pieces
 39403 | D:4      | Bought a potion of curing for 30 gold pieces
 39403 | D:4      | Bought a potion of curing for 30 gold pieces
 39403 | D:4      | Bought 2 potions of mutation for 160 gold pieces
 39503 | D:8      | Bought a wand of acid (5) for 270 gold pieces
 39582 | D:11     | Bought a scroll of teleportation for 42 gold pieces
 39582 | D:11     | Bought a ration for 70 gold pieces
 39582 | D:11     | Bought a scroll of silence for 105 gold pieces
 40147 | Swamp:3  | Killed Jorgrun
 40255 | Swamp:3  | Killed Mara
 41013 | Swamp:4  | Reached skill level 10 in Invocations
 41060 | Swamp:4  | Noticed the 27-headed Lernaean hydra
 42331 | Swamp:4  | Killed the 27-headed Lernaean hydra
 42331 | Swamp:4  | Reached skill level 14 in Armour
 42695 | Swamp:4  | Got a decaying rune of Zot
 43129 | Snake:1  | Reached XP level 18. HP: 167/170 MP: 25/25
 43135 | Snake:1  | Noticed Nikola
 43139 | Snake:1  | Noticed Aizul
 43154 | Snake:1  | Killed Nikola
 43164 | Snake:1  | Killed Aizul
 43836 | Snake:1  | Noticed Agnes
 43845 | Snake:1  | Killed Agnes
 45496 | Snake:4  | Entered Level 4 of the Snake Pit
 45695 | Snake:4  | Reached skill level 15 in Armour
 46348 | Snake:4  | Reached skill level 16 in Armour
 46520 | Snake:4  | Reached XP level 19. HP: 136/180 MP: 27/27
 46838 | Snake:4  | Got a serpentine rune of Zot
 47189 | Snake:4  | Identified the +9 scythe "Nepp" {slice, rF+ Dex+3 SInv}
                  | (You found it on level 4 of the Snake Pit)
 47477 | Snake:4  | Reached skill level 17 in Armour
 48168 | Vaults:1 | Entered Level 1 of the Vaults
 48314 | Vaults:1 | Reached skill level 18 in Armour
 49721 | Vaults:2 | Reached skill level 19 in Armour
 50840 | Vaults:3 | Reached skill level 20 in Armour
 50931 | Vaults:3 | Reached XP level 20. HP: 178/189 MP: 28/28
 51130 | Vaults:3 | Reached skill level 21 in Armour
 51169 | Vaults:3 | Paralysed by an ogre mage for 4 turns
 51258 | Vaults:3 | Found Renagai's Food Boutique.
 51265 | Vaults:3 | Bought a ration for 65 gold pieces
 51265 | Vaults:3 | Bought a ration for 65 gold pieces
 51265 | Vaults:3 | Bought a ration for 65 gold pieces
 51265 | Vaults:3 | Bought a ration for 65 gold pieces
 51265 | Vaults:3 | Bought a ration for 65 gold pieces
 51265 | Vaults:3 | Bought a ration for 65 gold pieces
 51265 | Vaults:3 | Bought a ration for 65 gold pieces
 51265 | Vaults:3 | Bought a ration for 65 gold pieces
 51265 | Vaults:3 | Bought a ration for 65 gold pieces
 51265 | Vaults:3 | Bought a ration for 65 gold pieces
 51265 | Vaults:3 | Bought a ration for 65 gold pieces
 51265 | Vaults:3 | Bought a ration for 65 gold pieces
 51385 | Vaults:3 | Found a staircase to the Crypt.
 52008 | Vaults:4 | Reached skill level 22 in Armour
 52197 | Vaults:4 | Paralysed by a great orb of eyes for 2 turns
 52628 | Vaults:4 | Noticed Margery
 52652 | Vaults:4 | Killed Margery
 52850 | Vaults:4 | Found Xentonua's Antique Armour Emporium.
 53206 | Vaults:4 | Paralysed by a great orb of eyes for 4 turns
 53391 | Vaults:4 | Slain by a stone giant

Levels and vault maps discovered:
D:1:      dpeg_arrival_caged_fury, layout_basic
D:2:      layout_loops_ring, yredelemnul_altar_generic,
          nicolae_overflow_hidden_temple, old_standard_altar, uniq_terence
D:3:      layout_loops_ring, serial_undead, serial_undead_e, serial_undead_b,
          serial_undead_e, serial_undead_e, ebering_ghost_sewer_f
D:4:      layout_gridville, first_ration, serial_shops, shop,
          nicolae_shop_crystal, bloody_trog
D:5:      lemuel_upstairs_altar, layout_rooms, portal_sewer_entry_e,
          basic_altar, grunt_decor_one_mirror, kennysheep_generic_room_13
D:6:      layout_basic, minmay_temple_entry_poolview, uniq_eustachio,
          uniq_menkaure
D:7:      layout_rooms, david_defended_altar_orc, uniq_harold, uniq_pikel
D:8:      layout_gridville, basic_altar, chequers_serial_rivers_micro_c,
          nicolae_blasting_shop, grunt_livestock, serial_bayou_crossing
D:9:      layout_roguey, nicolae_overflow_crystal_walls, uniq_erolcha
D:10:     layout_small_grid, erik_orc_2, basic_altar, ebering_ghost_rock_garden,
          uniq_josephine
D:11:     layout_roguey, lair_entry_dummy, serial_shops, shop, minmay_radiant,
          uniq_snorg
D:12:     layout_roguey, kennysheep_just_a_vault, uniq_maurice
D:13:     cheibrodos_frozen_isle, layout_long_grid, grunt_vaults_entry_tiered,
          special_room [special_room_bee]
D:14:     layout_irregular_city, gauntlet_entry_generic, minivault_11
D:15:     gammafunk_depths_entry_grave, layout_cave_pools, serial_park_square1
          [serial_park_minivault_5x5_7]
Lair:1:   layout_roguey, nicolae_volcano_entry_vermiform, basic_altar,
          grunt_megastairs_4
Lair:2:   layout_gridlike, palyth_hydra_swamp_entry, basic_altar,
          ebering_ghost_rock_garden, fungi_pond_lemuel, minivault_26,
          serial_bayou_shore_a, minmay_lair_oklob_chamber,
          infiniplex_staircase_pool_2, uniq_erica
Lair:3:   layout_chaotic_city, guppyfry_snake_entry_island
Lair:4:   layout_layer_cave, serial_rivers, chequers_serial_rivers_large_b,
          chequers_serial_rivers_micro_e, chequers_serial_rivers_large_a,
          chequers_serial_rivers_micro_e, chequers_serial_rivers_micro_a,
          chequers_serial_rivers_micro_b, serial_bayou_lagoon_a
Lair:5:   layout_cave_pods
Lair:6:   hangedman_lair_caniforms_friends, layout_hall_layers, slime_altar_2,
          basic_altar
Swamp:1:  layout_basic_swamp, evilmike_swamp_ruin_house_2
Swamp:2:  layout_basic_swamp, evilmike_swamp_ruin_house_1, swamp_pool1,
          wheals_swamp_sinkhole
Swamp:3:  layout_basic_swamp, evilmike_swamp_ruin_rubble_2, uniq_mara,
          uniq_jorgrun
Swamp:4:  grunt_swamp_rune_castle, layout_basic_swamp, swamp_pool1
Snake:1:  layout_misc_corridors, uniq_agnes, uniq_nikola, uniq_aizul
Snake:2:  layout_misc_corridors
Snake:3:  layout_concentric_octagons
Snake:4:  grunt_snake_rune_spirals, layout_onion, serial_bayou_pond_c,
          grunt_ministairs_1
Orc:1:    layout_caves
Orc:2:    grunt_orc_cross, layout_diamond_mine, serial_shops, nicolae_shop_stone
Elf:1:    layout_loops_corners, orc_legates
Elf:2:    layout_loops_corners, serial_shops, nicolae_shop_stone,
          mu_enter_wizlab_1, basic_altar, st_stairs_11,
          bh_hangedman_babel_library
Vaults:1: ontoclasm_vaults_pinch, vaults_room_octagon, vaults_room_ringed_pool,
          vaults_room_fours, nicolae_vaults_little_squares_1, v_misc_23,
          layout_vaults_omnigrid
Vaults:2: nicolae_vaults_display_case, v_rooms_5, v_misc_10,
          ontoclasm_vaults_shuriken, vaults_dpeg_hooks,
          layout_vaults_chaotic_city
Vaults:3: nicolae_vaults_mini_display_case, ontoclasm_vaults_gateway,
          vaults_room_grid, minmay_crypt_entry_nasty_monster,
          nicolae_vaults_windows_and_doors_thing,
          vaults_mumra_minichess_inversion, v_alt_pattern_6,
          nicolae_vaults_twisting_passages, v_misc_2,
          nicolae_vaults_statue_guard, layout_vaults_omnicross, serial_shops,
          shop
Vaults:4: nicolae_vaults_back_hallway, v_pattern_2, v_rooms_4, v_misc_22,
          hangedman_vaults_stretched_pinwheel, nicolae_vaults_yaktaur_gun_rack,
          ontoclasm_vaults_hangar, v_misc_3, nicolae_vaults_disjoint_gnomons,
          ontoclasm_vaults_shout, layout_vaults_omnibox, serial_shops, shop,
          uniq_margery

Skill      XL: |  1  2  3  4  5  6  7  8  9 10 11 12 13 14 15 16 17 18 19 20 |
---------------+-------------------------------------------------------------+-----
Fighting       | 2 3 4 5 6 8 10 12 15 16 17 18 | 18.9
Maces & Flails | 1 2 3 4 5 10 13 14 | 14.1
Invocations    | 1 2 3 4 6 8 10 12 | 12.2
Axes           | 3 5 8 10 13 | 13.0
Armour         | 4 7 9 11 13 14 16 20 22 | 22.7
Dodging        | 4 7 9 11 12 13 | 13.6
Shields        | 4 10 15 16 17 19 21 | 21.3
Stealth        | |  1.5
Spellcasting   | |  1.3
Transmutations | |  0.7
Earth Magic    | |  2.4

Action                   |  1- 3 |  4- 6 |  7- 9 | 10-12 | 13-15 | 16-18 | 19-21 || total
-------------------------+-------+-------+-------+-------+-------+-------+-------++-------
Melee: Short sword       |    35 |    18 |    46 |       |    36 |       |       ||   135
       Headbutt          |     8 |    25 |    35 |   119 |   252 |   302 |   234 ||   975
       Whip              |    58 |   192 |       |       |       |       |       ||   250
       Hand axe          |       |       |   302 |   343 |       |       |       ||   645
       Broad axe         |       |       |       |   221 |   527 |       |       ||   748
       Eveningstar       |       |       |       |       |   813 |  1319 |   921 ||  3053
Throw: Stone             |       |     2 |       |       |       |       |       ||     2
       Dart              |       |       |    15 |     2 |     1 |       |       ||    18
       Throwing net      |       |       |       |     3 |       |       |       ||     3
 Cast: Sandblast         |    16 |    17 |       |       |       |       |       ||    33
Invok: Divine Shield     |       |       |     4 |    10 |     7 |    10 |     5 ||    36
       Cleansing Flame   |       |       |       |     1 |    20 |    38 |    31 ||    90
       Brand Weapon With |       |       |       |       |     1 |       |       ||     1
       Summon Divine War |       |       |       |       |       |     1 |       ||     1
 Abil: Evoke Flight      |       |       |     3 |     1 |     1 |       |       ||     5
       Evoke Berserk Rag |       |       |     4 |    15 |    16 |     8 |     1 ||    44
Evoke: Wand              |       |     2 |     9 |    30 |    44 |    14 |     2 ||   101
       Phantom mirror    |       |       |       |     1 |       |       |       ||     1
  Use: Scroll            |     4 |     6 |     6 |    16 |    21 |    24 |     3 ||    80
       Potion            |     2 |       |     1 |    15 |    22 |    11 |     4 ||    55
 Stab: Sleeping          |     1 |       |       |       |       |       |       ||     1
  Eat: Chunk             |     2 |     7 |    13 |    18 |    20 |     5 |     9 ||    74
       Ration            |     1 |       |     1 |     9 |    16 |    15 |     5 ||    47
Armor: Robe              |    15 |       |       |       |       |       |       ||    15
       Leather armour    |    13 |    13 |       |       |       |       |       ||    26
       Ring mail         |       |    48 |    33 |       |       |       |       ||    81
       Scale mail        |       |       |    90 |   198 |   298 |    64 |       ||   650
       Chain mail        |       |       |       |       |   168 |   452 |   280 ||   900
       Plate armour      |       |       |       |       |     2 |       |       ||     2
Dodge: Dodged            |    76 |    92 |   186 |   307 |   869 |   634 |   300 ||  2464
       Deflected         |     1 |     1 |     4 |    16 |    17 |     5 |       ||    44
Block: Other             |       |       |    12 |    56 |    17 |       |       ||    85
       Buckler           |       |       |       |       |   171 |    31 |       ||   202
       Shield            |       |       |       |       |       |   667 |       ||   667
       Large shield      |       |       |       |       |       |   380 |   928 ||  1308
